 Dungeon Crawl Stone Soup version 0.20.1-1-g8b1a95d (webtiles) character file.

570 AverageBear the Cutter (level 7, -3/40 HPs)
             Began as a Deep Elf Fighter on July 19, 2017.
             Killed from afar by an orc wizard (12 damage)
             ... with a puff of flame
             ... on level 5 of the Dungeon.
             The game lasted 00:09:12 (6580 turns).

AverageBear the Cutter (Deep Elf Fighter)           Turns: 6580, Time: 00:09:12

Health: -3/40      AC:  9    Str: 14 (15) XL:     7   Next: 11%
Magic:  9/9        EV:  7    Int: 16 (18) God:
Gold:   185        SH:  8    Dex: 12 (14) Spells: 6/6 levels left

rFire    x . .     SeeInvis .   e - -2 dagger (curse)
rCold    + + .     Gourm    .   c - +0 shield
rNeg     . . .     Faith    .   m - +3 scale mail {rC+}
rPois    .         Spirit   .   (no helmet)
rElec    .         Reflect  .   (no cloak)
rCorr    .         Harm     .   (no gloves)
MR       .....     Rnd*Tele +   (no boots)
Stlth    ..........             (no amulet)
Regen    0.2/turn               q - ring of teleportation (curse)
MPRegen  0.2/turn               l - ring of ice

@: brilliant
A: talons 1, mutation resistance 1
a: no special abilities


You were on level 5 of the Dungeon.
You were not hungry.

You visited 1 branch of the dungeon, and saw 5 of its levels.
You also visited: Sewer.

You collected 279 gold pieces.
You spent 94 gold pieces at shops.

Inventory:

Hand Weapons
 a - a +0 rapier
 e - a cursed -2 dagger (weapon)
 s - a +1 dagger of venom
Armour
 b - a +0 scale mail
 c - a +0 shield (worn)
 i - a +1 ring mail of cold resistance
 m - a +3 scale mail of cold resistance (worn)
Jewellery
 l - a ring of ice (right hand)
 q - a cursed ring of teleportation (left hand)
Wands
 k - a wand of polymorph (9/24)
 p - a wand of confusion (43/48)
Scrolls
 h - 4 scrolls of identify
 j - 3 scrolls of teleportation
 t - 2 scrolls of magic mapping
Potions
 g - a potion of curing
Comestibles
 f - 7 bread rations
 n - 2 royal jellies
 o - a chunk of flesh


   Skills:
 - Level 2.4 Fighting
 - Level 7.5 Short Blades
 - Level 2.4 Armour
 + Level 2.5 Dodging
 - Level 2.4 Shields


You had 6 spell levels left.
You didn't know any spells.

Dungeon Overview and Level Annotations

Branches:
Dungeon (5/15)
 Temple: D:4-7

Altars:
Gozag
Nemelex Xobeh
Sif Muna
Zin

Shops:
D:5 ([


Innate Abilities, Weirdness & Mutations

You have sharp toenails.
You are somewhat resistant to further mutation.


Message History

You block the jackal's attack.
The orc priest invokes the aid of Beogh against you.
Pain shoots through your body!
* * * LOW HITPOINT WARNING * * *
The orc hits you but does no damage. Something hits you but does no damage.
Found a stone staircase leading down.
You hit the worker ant but do no damage.
Your kick misses the worker ant. You block the worker ant's attack.
The orc priest hits you but does no damage.
You feel better. Something hits you.
* * * LOW HITPOINT WARNING * * *
You block the worker ant's attack. The orc hits you but does no damage.
The orc priest hits you but does no damage.
You block the jackal's attack.
You hit the worker ant but do no damage.
Your kick misses the worker ant.
You hear some strange, mumbled words.
A puff of flame appears from out of thin air!
The puff of flame hits you! The fire burns you terribly!
You die...

#### #..######*********
####o8......,,,,,,,,*
#############.Jh@o......*******,*
..............o8{a.8...>,,,,,,*,*
##.##########..##......#***,***,*
#.............[..8.....+,,,,,,,,,
#......##.....##.......#,,,,*,*,*
#......#####..##.......#*****,,,,
#.........#...#......#..,,,,,,,,*
#.....#........'#.....##*********
......................*


You could see a jelly, a worker ant, an orc priest, 2 orcs and a jackal.

Vanquished Creatures
  Sigmund (D:2)
  2 bullfrogs (Sewer)
  A howler monkey (D:5)
  A worker ant (D:4)
  Terence (D:2)
  7 adders
  A shadow imp (D:5)
  4 worms
  3 dart slugs
  7 leopard geckos
  An orc (D:3)
  12 giant cockroaches
  7 goblins
  6 hobgoblins
  7 jackals
  A quokka (D:3)
  3 ball pythons
  4 bats
  12 frilled lizards
  10 kobolds
  A leopard gecko skeleton (D:4)
  7 rats
99 creatures vanquished.

Notes
Turn   | Place    | Note
-------+----------+-------------------------------------------
     0 | D:1      | AverageBear the Deep Elf Fighter began the quest for the Orb.
     0 | D:1      | Reached XP level 1. HP: 13/13 MP: 3/3
   513 | D:1      | Reached XP level 2. HP: 12/18 MP: 4/4
   711 | D:1      | Reached skill level 3 in Short Blades
  1361 | D:1      | Reached XP level 3. HP: 22/22 MP: 5/5
  1500 | D:2      | Noticed Terence
  1509 | D:2      | Killed Terence
  1509 | D:2      | Reached skill level 4 in Short Blades
  1552 | D:2      | Noticed Sigmund
  1626 | D:2      | Killed Sigmund
  1626 | D:2      | Reached skill level 6 in Short Blades
  1626 | D:2      | Reached XP level 4. HP: 2/27 MP: 6/6
  1626 | D:2      | Reached XP level 5. HP: 3/31 MP: 7/7
  3233 | D:2      | Found a glowing silver altar of Zin.
  3265 | D:2      | Found an opulent altar of Gozag.
  3664 | D:3      | Found a glowing drain.
  3695 | Sewer    | Entered a sewer
  3732 | Sewer    | Reached XP level 6. HP: 30/36 MP: 8/8
  4051 | Sewer    | Gained mutation: You are weak. (Str -2) [potion of mutation]
  4051 | Sewer    | Gained mutation: Your movements are slightly less encumbered by armour. (ER -2) [potion of mutation]
  4051 | Sewer    | Gained mutation: You are frail. (-10% HP) [potion of mutation]
  4051 | Sewer    | Gained mutation: You have large cloven feet. [potion of mutation]
  4261 | Sewer    | Reached skill level 7 in Short Blades
  4738 | D:3      | Found a sparkling altar of Nemelex Xobeh.
  4882 | D:3      | Found a deep blue altar of Sif Muna.
  5204 | D:4      | Reached skill level 1 in Dodging
  6342 | D:5      | Entered Level 5 of the Dungeon
  6365 | D:5      | Reached XP level 7. HP: 30/36 MP: 9/9
  6385 | D:5      | Found Focuitan's Weapon Shoppe.
  6388 | D:5      | Lost mutation: You are weak. (Str -2) [potion of mutation]
  6388 | D:5      | Lost mutation: You have large cloven feet. [potion of mutation]
  6388 | D:5      | Lost mutation: You are frail. (-10% HP) [potion of mutation]
  6388 | D:5      | Gained mutation: Armour fits poorly on your strangely shaped body. [potion of mutation]
  6388 | D:5      | Gained mutation: You are somewhat resistant to further mutation. [potion of mutation]
  6407 | D:5      | Bought a +1 dagger of venom for 94 gold pieces
  6537 | D:5      | Lost mutation: Your movements are slightly less encumbered by armour. (ER -2) [potion of mutation]
  6537 | D:5      | Lost mutation: Armour fits poorly on your strangely shaped body. [potion of mutation]
  6537 | D:5      | Gained mutation: You have sharp toenails. [potion of mutation]
  6572 | D:5      | Found Zynykh's Antique Armour Emporium.
  6577 | D:5      | HP: 2/40 [orc priest/nerve-wracking pain (14)]
  6580 | D:5      | Killed from afar by an orc wizard

Skill      XL: |  1  2  3  4  5  6  7 |
---------------+----------------------+-----
Short Blades   | 3 6 7 |  7.5
Dodging        | 1 2 |  2.5
Fighting       | |  2.4
Armour         | |  2.4
Shields        | |  2.4

Action                   |  1- 3 |  4- 6 |  7- 9 || total
-------------------------+-------+-------+-------++-------
Melee: Rapier            |   130 |    41 |       ||   171
       Dagger            |       |   754 |    52 ||   806
       Kick              |       |    68 |     4 ||    72
  Use: Potion            |     7 |     7 |     6 ||    20
       Scroll            |       |     6 |     1 ||     7
 Stab: Invisible         |       |     1 |       ||     1
  Eat: Chunk             |     2 |    14 |       ||    16
       Meat ration       |       |     1 |       ||     1
Armor: Scale mail        |    15 |   328 |    31 ||   374
       Ring mail         |    25 |       |       ||    25
       Skin              |    16 |    45 |       ||    61
Dodge: Dodged            |    21 |   184 |    19 ||   224
Block: Shield            |    38 |   320 |    55 ||   413
